Construct Infanterie Kompanie
Selects Mechanized Battlegroup
Construct Panzergrenadier Kompanie
Selects Mobile Repair Stations
Nebelwerfer 42 Rocket Launcher Team
Nebelwerfer 42 Rocket Launcher Team
Selects Wespe Self-propelled Artillery
Pak 40 Anti-tank Gun Team
Wespe Self-propelled Artillery
Selects Zeroing Artillery Barrage
Zeroing Artillery Barrage
Wespe Self-propelled Artillery
Construct Panzer Kompanie
Zeroing Artillery Barrage
Selects StuG Assault Group
Zeroing Artillery Barrage
Selects Panther Heavy Tank
Wespe Self-propelled Artillery
Zeroing Artillery Barrage
Wespe Self-propelled Artillery
Zeroing Artillery Barrage